 Dungeon Crawl Stone Soup version 0.29.0-11-gd7f09526c8 (webtiles) character file.

Game seed: 7763978780051179196

1279 LabCoat the Cleaver (level 8, -3/68 HPs)
             Began as a Hill Orc Fighter on Sept 6, 2022.
             Slain by an orc priest
             ... wielding a +0 trident
              (4 damage)
             ... on level 5 of the Dungeon.
             The game lasted 00:10:12 (4695 turns).

LabCoat the Cleaver (Hill Orc Fighter)              Turns: 4695, Time: 00:10:13

Health: -3/68      AC: 12    Str: 21    XL:     8   Next: 54%
Magic:  8/8        EV:  6    Int:  8    God:
Gold:   153        SH:  4    Dex: 10    Spells: 7/7 levels left

rFire   . . .      SeeInvis .   a - +1 war axe
rCold   + . .      Faith    .   c - +0 buckler
rNeg    . . .      Spirit   .   q - +0 plate armour
rPois   .          Reflect  .   (no helmet)
rElec   .          Harm     .   (no cloak)
rCorr   .          Rampage  .   (no gloves)
Will    .....                   (no boots)
Stlth   ..........              (no amulet)
HPRegen 0.21/turn               g - ring of ice
MPRegen 0.11/turn               b - ring of protection from fire

@: no status effects
A: no striking features
a: Convert to Beogh


You were on level 5 of the Dungeon.
You visited 1 branch of the dungeon, and saw 5 of its levels.

You collected 153 gold pieces.

Inventory:

Hand Weapons
 a - a +1 war axe (weapon)
 f - a +0 flail
Armour
 c - a +0 buckler (worn)
 q - a +0 plate armour (worn)
Jewellery
 b - a ring of protection from fire (right hand)
 e - an amulet of faith
 g - a ring of ice (left hand)
Wands
 k - a wand of digging (6)
Scrolls
 l - 3 scrolls of teleportation
 n - a scroll of immolation
 p - a scroll of magic mapping {unknown}
 r - a scroll of noise {unknown}
Potions
 d - 2 potions of might
 h - a potion of heal wounds
 i - a potion of attraction {unknown}
 j - a potion of brilliance {unknown}
 o - a potion of lignification {unknown}
 s - a potion of degeneration {unknown}


   Skills:
 + Level 5.2 Fighting
 * Level 10.5 Axes
 + Level 1.9 Throwing
 + Level 5.6 Armour
 + Level 4.2 Shields


You had 7 spell levels left.
You didn't know any spells.
Your spell library contained the following spells:

 Spells                   Type           Power      Damage    Failure   Level
 Shock                    Conj/Air       0%         1d3       100%        1
 Swiftness                Air            0%         N/A       100%        3
 Airstrike                Air            0%         2d(0-16)  100%        4
 Dispersal                Tloc           0%         N/A       100%        6
 Disjunction              Tloc           0%         N/A       100%        8


Dungeon Overview and Level Annotations

Branches:
Dungeon (5/15)
 Temple: D:4-7

Altars:

Shops:
D:4 :


Message History

The centaur wields a +0 shortbow.
The centaur shoots an arrow.
The arrow hits you.
You hit the orc priest.
The orc priest is moderately wounded.
A gnoll bouda comes into view. It is wielding a +0 whip.
The orc priest hits you with a +0 trident.
You hit the orc priest but do no damage.
The orc priest is moderately wounded.
The orc priest threatens, "By the altar or by the axe, you will meet Beogh!"
The centaur shoots an arrow.
The arrow hits you.
The gnoll bouda barks out a call to the hunt!
The orc priest threatens, "By the altar or by the axe, you will meet Beogh!"
You block the orc priest's attack.
You hit the orc priest.
The orc priest is heavily wounded.
The centaur shoots an arrow.
The arrow hits you.
The centaur shoots an arrow.
You block the arrow. You block the orc priest's attack.
You hit the orc priest.
The orc priest is almost dead.
The centaur shoots an arrow.
The arrow hits you!
A white imp comes into view.
The orc priest hits you with a +0 trident.
You closely miss the orc priest.
The orc priest is almost dead.
The white imp shouts, "Decamp, thou dankish dizzy-eyed wormtrail!"
The orc priest threatens, "By the altar or by the axe, you will meet Beogh!"
You hear a shout!
The centaur shoots an arrow.
The arrow hits you!
The centaur shoots an arrow.
The arrow hits you! The orc priest barely misses you.
A gnoll comes into view. It is wielding a +0 club.
You closely miss the orc priest.
The orc priest is almost dead.
The centaur shoots an arrow.
The arrow hits you!
* * * LOW HITPOINT WARNING * * *
The orc priest mumbles some strange prayers to Beogh against you.
Beogh smites you!
* * * LOW HITPOINT WARNING * * *
The orc priest attacks as you move away!
The orc priest hits you with a +0 trident.
You die...

.# #. .. .c. #.
..g ##.###.
###5# .......
.... ##.....
.g.#
.......##.#.#.##
................
#o@<...#
....[.(....>....
######.......###
#..........
.........##
#.........#
#........?..
#.######...#


You could see a centaur, a gnoll bouda, an orc priest, a gnoll (swift) and a
white imp.

Vanquished Creatures
  Pikel (D:4)
  Grinder (D:3)
  Sigmund (D:4)
  A black bear (D:4)
  A phantom (D:4)
  4 lemures (D:4)
  3 hounds
  An orc priest (D:4)
  6 adders
  4 gnolls
  A worm (D:3)
  3 dart slugs
  6 orcs (D:4)
  2 ball pythons (D:1)
  5 bats
  An endoplasm (D:2)
  3 giant cockroaches
  5 goblins
  7 hobgoblins
  9 kobolds
  4 quokkas
  2 frilled lizards
  9 rats
80 creatures vanquished.

Notes
Turn   | Place    | Note
-------+----------+-------------------------------------------
     0 | D:1      | LabCoat the Hill Orc Fighter began the quest for the Orb.
     0 | D:1      | Reached XP level 1. HP: 19/19 MP: 1/1
   213 | D:1      | Reached XP level 2. HP: 26/26 MP: 2/2
   538 | D:1      | Found a faded altar of an unknown god.
   544 | D:1      | Reached skill level 3 in Axes
  1024 | D:1      | Reached XP level 3. HP: 33/33 MP: 3/3
  1364 | D:2      | Reached skill level 4 in Axes
  1364 | D:2      | Reached XP level 4. HP: 40/40 MP: 4/4
  1979 | D:2      | Reached XP level 5. HP: 40/46 MP: 5/5
  2200 | D:3      | Reached skill level 5 in Axes
  2204 | D:3      | Noticed Grinder
  2216 | D:3      | Paralysed by Grinder for 3 turns
  2221 | D:3      | Killed Grinder
  2222 | D:3      | Reached skill level 6 in Axes
  2222 | D:3      | Reached skill level 1 in Throwing
  2222 | D:3      | Reached skill level 5 in Armour
  2222 | D:3      | Reached XP level 6. HP: 29/52 MP: 6/6
  2446 | D:3      | Reached skill level 7 in Axes
  3423 | D:4      | Noticed Pikel
  3477 | D:4      | Reached XP level 7. HP: 40/60 MP: 7/7
  3484 | D:4      | Killed Pikel
  3485 | D:4      | Reached skill level 9 in Axes
  3485 | D:4      | Reached XP level 8. HP: 35/67 MP: 8/8
  3757 | D:4      | Reached skill level 5 in Fighting
  3883 | D:4      | Noticed Sigmund
  3896 | D:4      | Killed Sigmund
  3897 | D:4      | Reached skill level 10 in Axes
  4183 | D:4      | Found Osyhup's Book Boutique.
  4651 | D:5      | Entered Level 5 of the Dungeon
  4694 | D:5      | HP: 1/68 [orc priest/divine providence (14)]
  4695 | D:5      | Slain by an orc priest

Illustrated notes

Levels and vault maps discovered:
D:1:      mrwooster_arrival_arrow, layout_loops_corners,
          hellmonk_ecumenical_altar_lost_god, nicolae_eternal_life,
          minmay_octomino_j4
D:2:      minmay_skewed_foursquare, layout_rooms, bh_walls_and_bars
D:3:      layout_basic, cheibrodos_gnoll_hut, uniq_grinder
D:4:      layout_loops_corners, serial_bayou_pond_e, glass_columns_a,
          nicolae_wooded_promenade, uniq_sigmund, uniq_pikel
D:5:      layout_basic, nzn_wu_jian_contemplation

Skill      XL: |  1  2  3  4  5  6  7  8 |
---------------+-------------------------+-----
Armour         | 4 5 |  5.6
Axes           | 3 4 6 7 9 10 | 10.5
Fighting       | 4 5 |  5.2
Throwing       | 1 |  1.9
Shields        | 4 |  4.2

Action                   |  1- 3 |  4- 6 |  7- 9 || total
-------------------------+-------+-------+-------++-------
Melee: War axe           |    80 |   116 |    46 ||   242
Throw: Dart              |     4 |    14 |    12 ||    30
       Throwing net      |       |     2 |     1 ||     3
Evoke: Wand              |     1 |       |       ||     1
  Use: Scroll            |       |     4 |       ||     4
       Potion            |       |     1 |       ||     1
Armor: Scale mail        |    20 |       |       ||    20
       Chain mail        |    36 |    42 |       ||    78
       Plate armour      |       |    31 |    23 ||    54
Dodge: Dodged            |    27 |    26 |    10 ||    63
Block: Buckler           |    19 |    29 |    10 ||    58
